 Dungeon Crawl Stone Soup version 0.28.0-43-g3370ac3207 (webtiles) character file.

Game seed: 10586157122514541673

33789 Tayschli the Severer (level 13, -3/124 HPs)
             Began as a Minotaur Berserker on Mar 2, 2022.
             Was an Elder of Trog.
             Slain by a catoblepas (16 damage)
             ... on level 12 of the Dungeon.
             The game lasted 01:33:09 (15371 turns).

Tayschli the Severer (Minotaur Berserker)          Turns: 15371, Time: 01:33:09

Health: -3/124     AC: 19    Str: 26    XL:     13   Next: 38%
Magic:  12/12      EV: 14    Int:  3    God:    Trog [****..]
Gold:   475        SH:  5    Dex: 11    Spells: 12/12 levels left

rFire   . . .      SeeInvis .   n - +5 war axe
rCold   + + .      Faith    .   o - +0 buckler
rNeg    + . .      Spirit   .   r - +3 ring mail {rC+}
rPois   +          Reflect  .   (helmet unavailable)
rElec   .          Harm     .   A - +2 ratskin cloak {*Rats rPois rN+ Str-1 Int-1 Dex+1}
rCorr   +          Rampage  .   v - +1 pair of gloves
Will    .....                   b - +2 pair of boots
Stlth   ++........              (no amulet)
HPRegen 0.30/turn               E - ring of protection from cold
MPRegen 0.13/turn               C - ring of resist corrosion

@: on berserk cooldown, slowed, very slow
A: horns 3, retaliatory headbutt, talons 1, passive freeze, no potion heal 1
a: Renounce Religion, Berserk, Trog's Hand, Brothers in Arms


You were on level 12 of the Dungeon.
You worshipped Trog.
Trog was greatly pleased with you.
You visited 2 branches of the dungeon, and saw 15 of its levels.

You collected 1068 gold pieces.
You spent 593 gold pieces at shops.

Inventory:

Hand Weapons
 a - a +0 antimagic war axe
 n - a +5 war axe (weapon)
 D - the +10 executioner's axe of the Crypt {flame, rF+}
   (Trog gifted it to you on level 10 of the Dungeon)

   It burns those it strikes, dealing additional fire damage.
   Big, fiery blades are also staple armaments of hydra-hunters.
   rF:        It protects you from fire.
 L - a +2 vorpal hand axe
Missiles
 d - 379 stones
 p - 5 javelins (quivered)
 s - 7 silver javelins
 t - 6 boomerangs of dispersal
 w - 7 boomerangs
 F - a throwing net
Armour
 b - a +2 pair of boots (worn)
 c - a scarf of resistance
 j - a +1 pair of boots
 l - +0 steam dragon scales
 o - a +0 buckler (worn)
 r - a +3 ring mail of cold resistance (worn)
 v - a +1 pair of gloves (worn)
 A - the +2 ratskin cloak (worn) {*Rats rPois rN+ Str-1 Int-1 Dex+1}
   (You bought it in a shop on level 2 of the Orcish Mines)

   When the wearer is hurt, rats may emerge from it to assist them.
   Str:       It affects your strength (-1).
   Int:       It affects your intelligence (-1).
   Dex:       It affects your dexterity (+1).
   rPois:     It protects you from poison.
   rN:        It protects you from negative energy.
 M - a +2 leather armour of positive energy
Jewellery
 i - a ring of ice
 C - a ring of resist corrosion (right hand)
 E - a ring of protection from cold (left hand)
 G - a ring of flight
Wands
 m - a wand of flame (23)
 y - a wand of digging (5)
 H - a wand of polymorph (2)
Scrolls
 e - 3 scrolls of teleportation
 h - a scroll of magic mapping
 x - a scroll of amnesia
 J - a scroll of fog
 N - a scroll of silence {unknown}
 O - 2 scrolls of immolation {unknown}
 Q - a scroll of identify
Potions
 f - 3 potions of curing
 g - 2 potions of resistance
 k - a potion of cancellation {unknown}
 q - 2 potions of lignification
 u - 2 potions of flight
 z - a potion of brilliance
 B - a potion of degeneration
 I - a potion of berserk rage
 K - a potion of magic
 P - a potion of ambrosia {unknown}


   Skills:
 + Level 14.0 Fighting
 + Level 17.6 Axes
 - Level 1.5 Throwing
 + Level 10.5 Armour
 + Level 9.1 Dodging
 + Level 4.5 Stealth
 + Level 6.0 Shields
 - Level 1.0 Evocations


You had 12 spell levels left.
You didn't know any spells.
Your spell library was empty.

Dungeon Overview and Level Annotations

Branches:
Dungeon (13/15)            Temple (0/1) D:4            Lair (0/6) D:8
    Orc (2/2) D:12            Elf (0/3) Orc:2
 Vaults: D:13-14

Altars:
Ashenzari
Dithmenos
Kikubaaqudgha
Sif Muna
Trog

Shops:
D:1 [   D:2 [   D:9 :(   Orc:2 ?*:[:[(


Innate Abilities, Weirdness & Mutations

You have a pair of large horns on your head.
You reflexively headbutt those who attack you in melee.
You have sharp toenails.
A frigid envelope surrounds you and freezes all who hurt you.
Potions are less effective at restoring your health.


Message History

The basilisk stops moving altogether!
The boulder beetle leaps!
The wraith hits you.
* * * LOW HITPOINT WARNING * * *
The wraith drains your vigour!
You feel as though you will be slow longer.
The wraith resists.
The wraith is very cold.
The wraith is lightly damaged.
A fire elemental comes into view.
You see here a +0 scimitar of flaming.
There is a stone staircase leading up here.
The catoblepas breathes a plume of calcifying dust at you.
The blast of calcifying dust hits you but does no damage.
You climb upwards.
There is a stone staircase leading down here.
You slice the catoblepas!!
The catoblepas is moderately wounded.
The catoblepas gores you!
* * * LOW HITPOINT WARNING * * *
The catoblepas is very cold.
The catoblepas is moderately wounded.
Okay, then.
Okay, then.
Aiming: Polymorph
Press: ? - help, Shift-Dir - straight line, f - catoblepas
Aim: a catoblepas (moderately wounded, will become a spark wasp, a wolf spider, or a black draconian, chance to affect: 2%)
Okay, then.
Aiming: Polymorph
Press: ? - help, Shift-Dir - straight line, f - catoblepas
Aim: a catoblepas (moderately wounded, will become a spark wasp, a wolf spider, or a black draconian, chance to affect: 2%)
The catoblepas resists with almost no effort.
The catoblepas completely misses you. You furiously retaliate!
You headbutt the catoblepas, but do no damage.
The catoblepas gores you but does no damage.
The catoblepas is very cold.
The catoblepas is moderately wounded.
You slice the catoblepas!!
You headbutt the catoblepas, but do no damage.
The catoblepas is severely wounded.
The catoblepas gores you!
You die...

...## ###.###
##..###.....#
###.....#####
........#########
#######(#...#...##
# #####..........##
#...............#
###.###........Y..#
....# #.........@.#
...#####.....<...##
##...# ##...#...##
###.# #########
#.############
#............#
###..........#
#..........#
######..........#


You could see a catoblepas.

Vanquished Creatures
  An ettin (Orc:2)
  A hydra (D:12)
  2 boulder beetles
  Erica (D:11)
  5 two-headed ogres
  An orc high priest (Orc:2)
  3 orc knights (Orc:2)
  An ugly thing (D:12)
  2 cyclopes (D:11)
  A manticore (D:12)
  4 orc sorcerers (Orc:2)
  A gargoyle (D:12)
  A tengu conjurer (D:13)
  2 kobold demonologists (D:12)
  4 trolls
  2 hornets
  4 slime creatures (D:12)
  Grinder (D:3)
  A meliai zombie (D:10)
  A wyvern (D:9)
  Eustachio (D:4)
  A vampire (D:12)
  3 vampire mosquitoes (D:12)
  2 fire elementals (D:13)
  A steam dragon (D:9)
  37 yaks
  A warg (Orc:1)
  A water moccasin (D:5)
  2 hell hounds (D:13)
  15 orc warriors
  2 sky beasts
  2 black bears
  An ice beast (D:6)
  3 wolves (D:8)
  3 ogres
  5 centaurs
  A phantom (D:3)
  3 kobold brigands
  A bullfrog (D:7)
  A gnoll sergeant (D:7)
  3 scorpions
  2 wyvern zombies
  17 killer bees
  8 wights (D:7)
  3 centaur zombies
  6 hounds
  3 jellies
  12 orc priests
  3 centaur skeletons
  A bullfrog skeleton (D:6)
  13 orc wizards
  2 iguanas
  A killer bee zombie (D:5)
  A hound skeleton (D:4)
  A howler monkey zombie (D:9)
  10 gnolls
  6 adders
  A shadow imp (D:6)
  An ufetubus (D:5)
  3 worms
  A dart slug (D:1)
  35 orcs
  2 bats
  6 endoplasms
  A giant cockroach (D:3)
  12 goblins
  7 hobgoblins
  10 jackals
  25 kobolds
  5 ball pythons
  5 rats
331 creatures vanquished.

Vanquished Creatures (collateral kills)
  Azrael (D:13)
  Fannar (Orc:1)
  2 orc high priests (Orc:2)
  2 orc knights
  A manticore (D:13)
  2 hornets (D:9)
  A blink frog (shapeshifter) (D:13)
  A wraith (D:13)
  6 yaks (D:9)
  A wyvern (D:9)
  A warg (Orc:1)
  2 orc warriors
  A kobold brigand (D:11)
  A bullfrog (D:9)
  A wyvern zombie (D:9)
  4 killer bees (D:9)
  A centaur zombie (D:9)
  An orc wizard (D:12)
  A howler monkey zombie (D:9)
  2 orcs (Orc:1)
  5 kobolds (D:11)
38 creatures vanquished.

Vanquished Creatures (others)
  An orc wizard (Orc:2)
1 creature vanquished.

Grand Total: 370 creatures vanquished

Notes
Turn   | Place    | Note
-------+----------+-------------------------------------------
     0 | D:1      | Tayschli the Minotaur Berserker began the quest for the
                  | Orb.
     0 | D:1      | Reached XP level 1. HP: 19/19 MP: 0/0
   563 | D:1      | Reached skill level 4 in Axes
   563 | D:1      | Reached XP level 2. HP: 27/27 MP: 1/1
   590 | D:1      | Found Atzia's Antique Armour Shoppe.
   846 | D:2      | Found Tisses's Armour Emporium.
  1037 | D:2      | Reached XP level 3. HP: 20/34 MP: 2/2
  1234 | D:2      | Found a faded altar of an unknown god.
  1556 | D:3      | Reached ** piety under Trog
  1728 | D:3      | Reached XP level 4. HP: 38/41 MP: 3/3
  1793 | D:3      | Noticed a phantom
  1794 | D:3      | Noticed Grinder
  1803 | D:3      | Reached skill level 1 in Stealth
  1804 | D:3      | Reached skill level 5 in Axes
  1807 | D:3      | Killed Grinder
  1808 | D:3      | Reached skill level 5 in Fighting
  1808 | D:3      | Reached skill level 6 in Axes
  1808 | D:3      | Reached skill level 1 in Throwing
  1808 | D:3      | Reached XP level 5. HP: 48/48 MP: 4/4
  1808 | D:3      | Reached XP level 6. HP: 56/56 MP: 5/5
  2219 | D:3      | Gained mutation: You have hidden genetic potential. [potion
                  | of mutation]
  2219 | D:3      | Gained mutation: Potions are less effective at restoring
                  | your health. [potion of mutation]
  2219 | D:3      | Gained mutation: A frigid envelope surrounds you and
                  | freezes all who hurt you. [potion of mutation]
  2455 | D:4      | Found a staircase to the Ecumenical Temple.
  2987 | D:4      | Reached skill level 7 in Axes
  2987 | D:4      | Reached XP level 7. HP: 56/62 MP: 6/6
  3067 | D:4      | Noticed Eustachio
  3080 | D:4      | Killed Eustachio
  3096 | D:4      | Gained mutation: You have a pair of large horns on your
                  | head. [hidden potential]
  3370 | D:5      | Entered Level 5 of the Dungeon
  3591 | D:5      | Reached skill level 8 in Axes
  3605 | D:5      | Reached XP level 8. HP: 50/71 MP: 7/7
  4135 | D:5      | Reached *** piety under Trog
  4645 | D:6      | Reached skill level 9 in Axes
  4667 | D:6      | Gained mutation: You have sharp toenails. [hidden
                  | potential]
  4667 | D:6      | Lost mutation: You have hidden genetic potential. [hidden
                  | potential expressed]
  4874 | D:6      | Reached skill level 5 in Dodging
  5287 | D:6      | Reached skill level 10 in Axes
  5406 | D:7      | Reached XP level 9. HP: 79/79 MP: 8/8
  5760 | D:7      | Reached skill level 1 in Evocations
  5890 | D:7      | Reached **** piety under Trog
  5891 | D:7      | Reached skill level 5 in Armour
  6228 | D:7      | Reached skill level 1 in Shields
  6235 | D:7      | Found a shadowy altar of Dithmenos.
  6289 | D:7      | Found a bloodstained altar of Trog.
  6294 | D:7      | Reached skill level 11 in Axes
  6318 | D:7      | Found a shimmering blue altar of Sif Muna.
  6466 | D:8      | Noticed a troll
  6477 | D:8      | Killed a troll
  6718 | D:8      | Found a staircase to the Lair.
  6764 | D:8      | Found a broken altar of Ashenzari.
  6766 | D:8      | Found an ancient bone altar of Kikubaaqudgha.
  7924 | D:9      | Reached XP level 10. HP: 84/88 MP: 9/9
  7981 | D:9      | Noticed a two-headed ogre
  7991 | D:9      | Killed a two-headed ogre
  7992 | D:9      | Reached skill level 12 in Axes
  8317 | D:9      | Noticed a two-headed ogre
  8325 | D:9      | Reached skill level 13 in Axes
  8326 | D:9      | Killed a two-headed ogre
  8348 | D:9      | Reached XP level 11. HP: 60/99 MP: 10/10
  8349 | D:9      | Reached skill level 10 in Fighting
  8620 | D:9      | Noticed a two-headed ogre
  8623 | D:9      | Noticed a two-headed ogre
  8631 | D:9      | Killed a two-headed ogre
  8776 | D:9      | Found Piceihie's Book Shop.
  8846 | D:9      | Killed a two-headed ogre
  9084 | D:9      | Reached ***** piety under Trog
  9089 | D:9      | Found Sowanea's Antique Weapon Emporium.
  9183 | D:9      | Reached skill level 14 in Axes
  9416 | D:10     | Entered Level 10 of the Dungeon
  9454 | D:10     | Noticed a two-headed ogre
  9463 | D:10     | Killed a two-headed ogre
  9750 | D:10     | Identified the +10 executioner's axe of the Crypt {flame,
                  | rF+} (Trog gifted it to you on level 10 of the Dungeon)
  9750 | D:10     | Received a gift from Trog
 10264 | D:11     | Reached skill level 15 in Axes
 10331 | D:11     | Noticed a boulder beetle
 10341 | D:11     | Killed a boulder beetle
 10777 | D:11     | Noticed Erica
 10788 | D:11     | Killed Erica
 10789 | D:11     | Reached XP level 12. HP: 96/110 MP: 11/11
 11442 | D:11     | Reached skill level 16 in Axes
 11921 | D:12     | Found a staircase to the Orcish Mines.
 11936 | Orc:1    | Entered Level 1 of the Orcish Mines
 11945 | Orc:1    | Noticed Fannar
 11958 | Orc:1    | Killed Fannar
 12560 | Orc:2    | Entered Level 2 of the Orcish Mines
 12569 | Orc:2    | Found Fuimydgh's Armour Shop.
 12590 | Orc:2    | Found Jadghilu's Weapon Boutique.
 12633 | Orc:2    | Found a staircase to the Elven Halls.
 12643 | Orc:2    | Bought 5 javelins for 48 gold pieces
 12689 | Orc:2    | Noticed an ettin
 12696 | Orc:2    | Killed an ettin
 12971 | Orc:2    | Found Plog's Book Shop.
 13271 | Orc:2    | Found Rusyobb's Armour Emporium.
 13301 | Orc:2    | Noticed an orc high priest
 13302 | Orc:2    | Noticed an orc high priest
 13314 | Orc:2    | Killed an orc high priest
 13315 | Orc:2    | Reached skill level 5 in Shields
 13318 | Orc:2    | Noticed an orc high priest
 13319 | Orc:2    | Killed an orc high priest
 13320 | Orc:2    | Reached skill level 17 in Axes
 13322 | Orc:2    | Killed an orc high priest
 13567 | Orc:2    | Paralysed by an orc sorcerer for 5 turns
 13575 | Orc:2    | Reached skill level 10 in Armour
 13948 | Orc:2    | Reached XP level 13. HP: 102/122 MP: 12/12
 13948 | Orc:2    | Found Fodorumix's Book Emporium.
 14244 | Orc:2    | Found Ifu Noin's General Store.
 14244 | Orc:2    | Found Leuxt's Magic Scroll Shop.
 14293 | Orc:2    | Bought a potion of might for 56 gold pieces
 14293 | Orc:2    | Bought 3 silver javelins for 100 gold pieces
 14293 | Orc:2    | Bought the +2 ratskin cloak {*Rats rPois rN+ Str-1 Int-1
                  | Dex+1} for 389 gold pieces
 14293 | Orc:2    | Found the +2 ratskin cloak {*Rats rPois rN+ Str-1 Int-1
                  | Dex+1}
 15329 | D:13     | Noticed Azrael
 15340 | D:13     | Killed Azrael
 15371 | D:12     | Slain by a catoblepas

Illustrated notes

Levels and vault maps discovered:
D:1:      lightli_arrival_windingriver, layout_basic, serial_shops, shop
D:2:      cheibrodos_greedy_goblins, layout_rooms, serial_shops, shop,
          shapermc_ecumenical_altar_rom_forum
D:3:      layout_basic, uniq_grinder
D:4:      layout_basic, minmay_temple_entry_arrows, ebering_ghost_rock_garden,
          grunt_ministairs_10, minmay_starry_boxes, uniq_eustachio
D:5:      layout_basic, guppyfry_early_lair_pool
D:6:      layout_rooms
D:7:      layout_gridville, kennysheep_mini_moat,
          nzn_overflow_gifts_of_might_and_magic, minmay_misc_feat_rugged
D:8:      layout_basic, chequers_temple_overflow_statue_of_worship,
          erik_lair_island
D:9:      minmay_four_partial_circles, layout_cave_pools, serial_shops,
          nicolae_inconvenience_store, nicolae_shop_crystal
D:10:     layout_rooms
D:11:     layout_basic, uniq_erica
D:12:     layout_rooms, orc_0_dummy, hangedman_decor_points,
          hangedman_glass_teeth
D:13:     hangedman_cross_stitches, layout_cave_pools,
          ximxim_vaults_locker_room, uniq_maurice, uniq_azrael
Orc:1:    layout_diamond_mine, serial_shops, shop_coins, uniq_fannar, uniq_urug
Orc:2:    st_orc_elflike, layout_caves, serial_shops,
          nicolae_shop_bloodbath_and_beyond, nicolae_shop_stone, shop

Skill      XL: |  1  2  3  4  5  6  7  8  9 10 11 12 13 |
---------------+----------------------------------------+-----
Fighting       | 4 5 6 7 8 9 11 13 14 | 14.0
Axes           | 4 6 7 8 10 11 13 15 17 | 17.6
Stealth        | 1 2 3 4 |  4.5
Throwing       | 1 |  1.5
Dodging        | 3 4 5 6 7 8 9 |  9.1
Armour         | 4 6 8 9 10 | 10.5
Evocations     | 1 |  1.0
Shields        | 1 2 4 5 6 |  6.0

Action                   |  1- 3 |  4- 6 |  7- 9 | 10-12 | 13-15 || total
-------------------------+-------+-------+-------+-------+-------++-------
Melee: Hand axe          |    49 |    59 |    99 |       |       ||   207
       Headbutt          |     7 |     9 |    31 |    75 |    23 ||   145
       Punch             |       |       |     1 |       |       ||     1
       War axe           |       |       |    57 |   294 |    90 ||   441
Throw: Stone             |    21 |    29 |    20 |       |       ||    70
       Javelin           |       |       |    64 |    23 |    11 ||    98
Invok: Berserk           |       |     1 |     3 |     4 |     1 ||     9
       Brothers in Arms  |       |       |       |     4 |     2 ||     6
Evoke: Wand              |       |       |     6 |    16 |     6 ||    28
  Use: Scroll            |     3 |     3 |     7 |    11 |     1 ||    25
       Potion            |       |     3 |     2 |     5 |     1 ||    11
 Stab: Sleeping          |       |     1 |       |     2 |       ||     3
Armor: Animal skin       |    13 |    15 |     3 |       |       ||    31
       Ring mail         |       |       |    48 |    88 |    53 ||   189
       Skin              |       |       |     4 |       |       ||     4
Dodge: Dodged            |    43 |    30 |    86 |   110 |    43 ||   312
Block: Buckler           |       |       |    20 |    40 |    14 ||    74
